 Seeded DCSS version 0.29-a0-472-ge5599a681e (webtiles) character file.

Game seed: 6774861435536819975 (custom seed)

54 bwicke the Sneak (level 3, -2/21 HPs)
             Began as an Octopode Hedge Wizard on May 22, 2022.
             Was a Follower of Dithmenos.
             Slain by Sigmund
             ... wielding a +0 scythe
              (9 damage)
             ... on level 2 of the Dungeon.
             The game lasted 00:03:33 (1603 turns).

bwicke the Sneak (Octopode Hedge Wizard)            Turns: 1603, Time: 00:03:34

Health: -2/21      AC:  1    Str:  9    XL:     3   Next: 91%
Magic:  1/7        EV: 13    Int: 18    God:    Dithmenos [*.....]
Gold:   72         SH:  0    Dex: 11    Spells: 7/8 levels left

rFire   + . .      SeeInvis .   a - +0 dagger
rCold   . . .      Faith    .   (no shield)
rNeg    . . .      Spirit   .   b - +0 hat
rPois   .          Reflect  .   (no amulet)
rElec   .          Harm     .   k - ring of protection from fire
rCorr   .          Rampage  .   (no ring)
Will    .....                   (no ring)
Stlth   +++.......              (no ring)
HPRegen 0.07/turn               (no ring)
MPRegen 0.10/turn               (no ring)
                                (no ring)
                                (no ring)

@: confused, very slightly contaminated, hasted, wreathed by umbra, very quick
A: almost no armour, amphibious, 8 rings, camouflage 1, gelatinous body 1,
(nimble swimmer 1), tentacles
a: Renounce Religion


You were on level 2 of the Dungeon.
You worshipped Dithmenos.
Dithmenos was aware of your devotion.
You visited 1 branch of the dungeon, and saw 2 of its levels.

You collected 72 gold pieces.

Inventory:

Hand Weapons
 a - a +0 dagger (weapon)
Missiles
 g - 2 throwing nets
 h - 4 poisoned darts
 i - 2 atropa-tipped darts
Armour
 b - a +0 hat (worn)
Jewellery
 k - a ring of protection from fire (left tentacle)
Scrolls
 e - a scroll of teleportation {unknown}
 j - a scroll of identify {unknown}
Potions
 c - a potion of magic


   Skills:
 - Level 2.0 Dodging
 + Level 5.8 Stealth
 - Level 3.0 Spellcasting
 - Level 1.0 Conjurations
 - Level 1.0 Summonings
 - Level 1.0 Translocations


You had 7 spell levels left.
You knew the following spells:

 Your Spells              Type           Power      Damage    Failure   Level
a - Magic Dart            Conj           24%        1d4       11%         1

Your spell library contained the following spells:

 Spells                   Type           Power      Damage    Failure   Level
 Slow                     Hex            8%         N/A       16%         1
 Blink                    Tloc           12%        N/A       16%         2
 Call Imp                 Summ           6%         N/A       16%         2
 Conjure Flame            Conj/Fire      4%         6-21      36%         3
 Mephitic Cloud           Conj/Pois/Air  3%         N/A       38%         3


Dungeon Overview and Level Annotations

Branches:
Dungeon (2/15)

Altars:
Dithmenos

Annotations:
D:2 Sigmund


Innate Abilities, Weirdness & Mutations

You cannot wear most types of armour.
You are amphibious.
You can wear up to eight rings at the same time.
Your skin changes colour to match your surroundings (Stealth+).
Your rubbery body absorbs attacks. (AC +1, EV +1)
((You are camouflaged when in or above water. (Stealth+)))
You have tentacles for arms and can constrict up to eight enemies at once.


Message History

You are very lightly contaminated with residual magic.
Nothing appears to happen.
Sigmund smiles chillingly.
Aiming: Magic Dart (safe; 11% risk of failure)
Press: ? - help, Q - select action, (/) - cycle Shift-Dir - straight line, f/p - Sigmund
Aim: Sigmund, wielding a +0 scythe and wearing a +0 robe (severely wounded, 100% to hit)
The magic dart hits Sigmund but does no damage.
Sigmund is severely wounded.
Sigmund points at you and mumbles some strange words.
You resist with significant effort.
You aren't carrying any items that you can evoke.
Throw: 6 darts (poison)
Press: ? - help, Shift-Dir - straight line, f/p - Sigmund
Aim: Sigmund, wielding a +0 scythe and wearing a +0 robe (severely wounded, 50% to hit)
You throw a poisoned dart. The poisoned dart hits Sigmund.
Sigmund is poisoned.
Sigmund is severely wounded.
Unknown command.
Throw: 5 darts (poison)
Press: ? - help, Shift-Dir - straight line, f/p - Sigmund
Aim: Sigmund, wielding a +0 scythe and wearing a +0 robe (severely wounded, poisoned, 50% to hit)
You throw a poisoned dart.
The poisoned dart barely misses Sigmund.
Sigmund casts a spell at you. The puff of flame hits you. You resist.
Throw: 4 darts (atropa)
Press: ? - help, Shift-Dir - straight line, f/p - Sigmund
Aim: Sigmund, wielding a +0 scythe and wearing a +0 robe (severely wounded, poisoned, 50% to hit, chance to blind on hit: 87%)
You throw an atropa-tipped dart.
The atropa-tipped dart barely misses Sigmund.
Sigmund gestures at you while chanting.
You are confused.
Non-targeted confused throw: 3 darts (atropa)
Press: ? - help, Dir - look around, f - activate You throw an atropa-tipped dart.
The atropa-tipped dart misses Sigmund.
You bump into the rock wall.
Sigmund gestures at you while chanting. The magic dart hits you.
You're too confused to move!
Sigmund hits you from afar with a +0 scythe!
You die...

##.###...........######
#.....##.########
########.# #.########
########## #........#
#(.......# ###..#####.#
#.######.#####.#..#
#.######.##.#.#...#####
#.##.(...(.@.@........#
#.##.###..###.#...###.#
#.##.###.## ##........
#........# ##...####
####@#.### ##.## #..##
#.# ##.## #.# #...# +#
#...#


You could see Sigmund (poisoned).

Vanquished Creatures
  Natasha (D:2)
  6 bats
  3 endoplasms (D:1)
  3 giant cockroaches (D:1)
  2 quokkas (D:1)
  5 ball pythons
  A frilled lizard (D:1)
  3 goblins (D:1)
  3 kobolds (D:1)
  3 rats
30 creatures vanquished.

Notes
Turn   | Place    | Note
-------+----------+-------------------------------------------
     0 | D:1      | bwicke the Octopode Hedge Wizard began the quest for the
                  | Orb.
     0 | D:1      | Reached XP level 1. HP: 11/11 MP: 4/4
    58 | D:1      | Reached skill level 3 in Stealth
   133 | D:1      | Found a faded altar of an unknown god.
   175 | D:1      | Prayed at the altar of an unknown god.
   175 | D:1      | Became a worshipper of Dithmenos the Shadowed
   175 | D:1      | Reached * piety under Dithmenos
   292 | D:1      | Reached XP level 2. HP: 17/17 MP: 6/6
   314 | D:1      | Reached skill level 4 in Stealth
  1029 | D:1      | Reached XP level 3. HP: 21/21 MP: 4/7
  1248 | D:2      | Noticed Natasha
  1256 | D:2      | Killed Natasha
  1257 | D:2      | Reached skill level 5 in Stealth
  1558 | D:2      | Noticed Sigmund
  1603 | D:2      | Slain by Sigmund

Illustrated notes

Levels and vault maps discovered:
D:1:      nzn_arrival_water_spiral, layout_basic, basic_ecumenical_altar
D:2:      layout_loops_corners, uniq_natasha, uniq_sigmund

Skill      XL: |  1  2  3 |
---------------+----------+-----
Stealth        | 3 4 5 |  5.8
Dodging        | |  2.0
Spellcasting   | |  3.0
Conjurations   | |  1.0
Summonings     | |  1.0
Translocations | |  1.0

Action                   || total
-------------------------++-------
Melee: Dagger            ||    41
       Tentacles         ||     7
       Constrict         ||     8
Throw: Dart              ||     4
 Cast: Magic Dart        ||    16
  Use: Potion            ||     2
 Stab: Sleeping          ||    13
Armor: Skin              ||     2
Dodge: Dodged            ||    24

Table legend: (Time is in decaauts)
 A = Elapsed time spent in this place.
 B = Non-inter-level travel time spent in this place.
 C = Inter-level travel time spent in this place.
 D = Time resting spent in this place.
 E = Time spent auto-exploring this place.
 F = Levels seen in this place.
 G = Mean time per level.
                   A        B        C        D        E       F      G
               +--------+--------+--------+--------+--------+-----+--------+
         Total |   1593 |   1561 |     32 |      0 |   1248 |   2 |  796.5 |
       Dungeon |   1593 |   1561 |     32 |      0 |   1248 |   2 |  796.5 |
               +--------+--------+--------+--------+--------+-----+--------+

Top non-repeatable levels by time:
     D:1: 1242 daAuts
     D:2: 351 daAuts
